 Dungeon Crawl Stone Soup version 0.31-a0-354-g827e095 (webtiles) character file.

Game seed: 3717136462723982306

102 Dorkslayer the Trooper (level 4, -5/40 HPs)
             Began as a Hill Orc Fighter on July 23, 2023.
             Killed by divine providence
             ... invoked by an orc priest
              (14 damage)
             ... on level 4 of the Dungeon.
             The game lasted 00:08:31 (2487 turns).

Dorkslayer the Trooper (Hill Orc Fighter)           Turns: 2487, Time: 00:08:32

Health: -5/40      AC:  6    Str: 20    XL:     4   Next: 77%
Magic:  4/4        EV:  9    Int:  8    God:
Gold:   230        SH:  6    Dex: 10    Spells: 3/3 levels left

rFire   . . .        a - +0 war axe
rCold   . . .        s - +2 buckler
rNeg    . . .        b - +0 scale mail
rPois   .            (no helmet)
rElec   .            (no cloak)
rCorr   .            (no gloves)
SInv    .            (no boots)
Will    .....        (no amulet) Stlth
                     (no ring)
HPRegen 0.26/turn    (no ring)
MPRegen 0.09/turn

%: no passive effects
@: no status effects
A: no striking features
a: Convert to Beogh


You were on level 4 of the Dungeon.
You visited 1 branch of the dungeon, and saw 4 of its levels.

You collected 230 gold pieces.

Inventory:

Hand Weapons
 a - a +0 war axe (weapon)
Missiles
 l - 4 boomerangs
 t - 2 silver boomerangs
Armour
 b - a +0 scale mail (worn)
 k - a +0 kite shield
 s - a +2 buckler (worn)
Talismans
 c - a beast talisman
Scrolls
 e - a scroll of immolation {unknown}
 f - a scroll of poison {unknown}
 g - a scroll of amnesia {unknown}
 h - a scroll of fog {unknown}
 i - a scroll of vulnerability {unknown}
 m - a scroll of enchant weapon {unknown}
 o - a scroll of teleportation
 p - 2 scrolls of identify {unknown}
 q - a scroll of blinking {unknown}
 r - a scroll of acquirement {unknown}
 v - a scroll of fear {unknown}
Potions
 d - a potion of might
 j - 3 potions of curing {unknown}
 n - a potion of cancellation {unknown}
 u - a potion of haste {unknown}


   Skills:
 + Level 4.2 Fighting
 + Level 4.2 Axes
 + Level 3.6 Armour
 * Level 1.2 Dodging
 + Level 0.1 Stealth
 + Level 3.7 Shields
 * Level 0.4 Unarmed Combat


You had 3 spell levels left.
You didn't know any spells.
Your spell library contained the following spells:

 Spells                   Type           Power      Damage    Failure   Level
 Kiss of Death            Conj/Necr      0%         2d5       83%         1
 Blink                    Tloc           0%         N/A       92%         2
 Ensorcelled Hibernation  Hex/Ice        0%         N/A       92%         2
 Passwall                 Tmut/Erth      0%         N/A       92%         2
 Sublimation of Blood     Necr           0%         N/A       92%         2
 Confusing Touch          Hex            0%         N/A       99%         3
 Swiftness                Air            0%         N/A       99%         3
 Dispel Undead            Necr           0%         3d6       100%        4
 Manifold Assault         Tloc           0%         N/A       100%        4
 Petrify                  Tmut/Erth      0%         N/A       100%        4
 Irradiate                Conj/Tmut      0%         3d11      100%        5


Dungeon Overview and Level Annotations

Branches:
Dungeon (4/15)
 Temple: D:4-7

Altars:


Message History

You barely miss the orc. You block the orc's attack.
The orc hits you with a +0 hand axe.
An orc priest comes into view. It is wielding a +0 dagger.
You completely miss the orc.
The orc priest shouts!
The orc priest shouts, "Join the one true god or die!" (press Y on the ability menu to convert to Beogh)
You hit the orc. The orc hits you but does no damage.
You block the orc's attack.
The orc priest calls upon Beogh to heal the orc.
The orc's wounds heal themselves!
The orc priest shouts, "Beogh is our master!
Accept the truth or die!"
You slash the orc!
You kill the orc!
You hit the orc. The orc misses you. You block the orc's attack.
The orc barely misses you.
Items here: $ )) [ †.
The orc priest looks braver for a moment.
The orc hits you with a +0 hand axe. The orc priest barely misses you.
You completely miss the orc priest.
The orc priest shouts, "Beogh is our master!
Accept the truth or die!"
You hit the orc.
The orc priest calls down the wrath of Beogh upon you.
Beogh smites you! The orc hits you with a +0 hand axe.
* * * LOW HITPOINT WARNING * * *
You miss the orc priest. You hit the orc.
You kill the orc!
You block the orc priest's attack.
You barely miss the orc priest.
The orc priest hits you but does no damage.
You miss the orc priest.
The orc priest hits you with a +0 dagger.
* * * LOW HITPOINT WARNING * * *
The orc priest looks braver for a moment.
You hit the orc priest.
The orc priest is moderately wounded.
The orc priest calls down the wrath of Beogh upon you.
Beogh smites you!
You die...

...............
...............
...............
...............
................
.................
.........o.......
.........@.......
.........).......
.........).......
.................
.................
.................
########..#######
#.....# #.##..#
###########


You could see an orc priest.

Vanquished Creatures
  2 adders
  4 worms (D:2)
  8 orcs
  7 endoplasms
  5 giant cockroaches
  7 goblins
  5 hobgoblins
  3 quokkas (D:1)
  2 ball pythons
  4 bats
  4 frilled lizards
  5 kobolds
  5 rats
61 creatures vanquished.

Notes
Turn   | Place    | Note
-------+----------+-------------------------------------------
     0 | D:1      | Dorkslayer the Hill Orc Fighter began the quest for the
                  | Orb.
     0 | D:1      | Reached XP level 1. HP: 19/19 MP: 1/1
   129 | D:1      | Reached XP level 2. HP: 27/27 MP: 2/2
  1020 | D:2      | Reached XP level 3. HP: 32/33 MP: 3/3
  1612 | D:2      | Reached skill level 1 in Dodging
  1723 | D:2      | Found a faded altar of an unknown god.
  1919 | D:3      | Reached XP level 4. HP: 40/40 MP: 4/4
  2487 | D:4      | Killed from afar by an orc priest

Illustrated notes

Levels and vault maps discovered:
D:1:      scummos_arrival_simple_crosswalls, layout_loops_corners
D:2:      layout_loops_corners, shapermc_ecumenical_altar_mp_vishouse
D:3:      layout_rooms
D:4:      layout_basic, lemuel_round_altar, st_stairs_4, bh_walls_and_bars

Skill      XL: |  1  2  3  4 |
---------------+-------------+-----
Axes           | 3 4 |  4.2
Fighting       | 4 |  4.2
Dodging        | 1 |  1.2
Armour         | |  3.6
Stealth        | |  0.1
Shields        | |  3.7
Unarmed Combat | |  0.4

Action                     |  1- 3 |  4- 6 || total
---------------------------+-------+-------++-------
  Melee: War axe           |   117 |    53 ||   170
    Use: Scroll            |       |     2 ||     2
 Armour: Scale mail        |    52 |    20 ||    72
  Dodge: Dodged            |    48 |    20 ||    68
  Block: Buckler           |    18 |    19 ||    37
         Kite shield       |    14 |     2 ||    16

Table legend: (Time is in decaauts)
 A = Elapsed time spent in this place.
 B = Non-inter-level travel time spent in this place.
 C = Inter-level travel time spent in this place.
 D = Time resting spent in this place.
 E = Time spent auto-exploring this place.
 F = Levels seen in this place.
 G = Mean time per level.
                   A        B        C        D        E       F      G
               +--------+--------+--------+--------+--------+-----+--------+
         Total |   2551 |   2551 |      0 |      0 |   1299 |   4 |  637.8 |
       Dungeon |   2551 |   2551 |      0 |      0 |   1299 |   4 |  637.8 |
               +--------+--------+--------+--------+--------+-----+--------+

Top non-repeatable levels by time:
     D:2: 1048 daAuts
     D:1: 913 daAuts
     D:3: 423 daAuts
     D:4: 166 daAuts
